 Dungeon Crawl Stone Soup version 0.32-a0-630-g46d191b0ed (console) character file.

Game seed: 4886386772650903202

105887 jejorda2 the Deadly Accurate (level 16, -6/190 HPs)
             Began as a Coglin Berserker on Mar 6, 2024.
             Was a High Priest of Trog.
             Drowned by a water nymph (8 damage)
             ... on level 1 of the Shoals.
             The game lasted 01:10:51 (26496 turns).

jejorda2 the Deadly Accurate (Coglin Berserker)    Turns: 26496, Time: 01:10:52

Health: -6/190     AC: 21    Str: 28    XL:     16   Next: 42%
Magic:  5/5        EV: 10    Int:  6    God:    Trog [*****.]
Gold:   2154       SH:  0    Dex: 17    Spells: 15/15 levels left

rFire   + . .        a - +2 trident (freeze) {Qiang}
rCold   + . .        D - +4 trident (antimagic) {Kun}
rNeg    + . .        L - +0 plate armour of Fedhas's Castigation {rElec Will+ Dex+2}
rPois   +            I - -2 hat of the Alchemist {rElec rPois rF+ rC+ rN+ Will+ rMut rCorr}
rElec   +            N - +1 cloak
rCorr   +            e - +2 pair of gloves {Str+3}
SInv    .            h - +2 pair of boots
Will    +++..        (amulet unavailable) Stlth
                     (ring unavailable)
HPRegen 0.51/turn    (ring unavailable)
MPRegen 0.09/turn    H
                       - N-9500 hydromodule {rElec rPois rCorr Clar RMsl}

%: repel missiles, clarity, resist mutation
@: berserking, revved, slow
A: off-hand wielding, slow wielding, warmup strikes, no jewellery
a: Renounce Religion, Berserk, Trog's Hand, Brothers in Arms


You were on level 1 of the Shoals.
You worshipped Trog.
Trog was extremely pleased with you.
You visited 4 branches of the dungeon, and saw 23 of its levels.
You also visited: Gauntlet and Ice Cave.

You collected 2389 gold pieces.
You spent 235 gold pieces at shops.

Inventory:

Hand Weapons
 a - a +2 trident of freezing (weapon) {Qiang}
 D - a +4 antimagic trident (offhand) {Kun}
Missiles
 i - 12 boomerangs (quivered)
 x - 2 atropa-tipped darts
 B - 9 poisoned darts
 F - 9 javelins
 J - 12 silver javelins
 Q - 4 curare-tipped darts
Armour
 e - a +2 pair of gloves of strength (worn)
 h - a +2 pair of boots (worn)
 I - the -2 hat of the Alchemist (worn) {rElec rPois rF+ rC+ rN+ Will+ rMut rCorr}
   (You found it on level 5 of the Lair of Beasts)

   rF+:       It protects you from fire.
   rC+:       It protects you from cold.
   rElec:     It insulates you from electricity.
   rPois:     It protects you from poison.
   rN+:       It protects you from negative energy.
   Will+:     It increases your willpower.
   rCorr:     It protects you from acid and corrosion.
   rMut:      It protects you from mutation.
 L - the +0 plate armour of Fedhas's Castigation (worn) {rElec Will+ Dex+2}
   (You found it on level 8 of the Dungeon)

   Dex+2:     It affects your dexterity (+2).
   rElec:     It insulates you from electricity.
   Will+:     It increases your willpower.
 N - a +1 cloak (worn)
Gizmo
 H - a N-9500 hydromodule (installed) {rElec rPois rCorr Clar RMsl}
   (You invented it yourself on level 4 of the Lair of Beasts)

   [N-9500 hydromodule]

   rElec:     It insulates you from electricity.
   rPois:     It protects you from poison.
   Clar:      It protects you from confusion, rage, mesmerisation and fear.
   RMsl:      It protects you from missiles.
   rCorr:     It protects you from acid and corrosion.
Wands
 b - a wand of polymorph (10)
 g - a wand of iceblast (26)
 k - a wand of digging (11)
 m - a wand of mindburst (32)
 v - a wand of flame (21)
 A - a wand of charming (8)
Scrolls
 j - 10 scrolls of identify
 l - 7 scrolls of teleportation
 o - 2 scrolls of fear
 p - 2 scrolls of poison
 t - 2 scrolls of enchant armour
 C - a scroll of butterflies
 K - a scroll of immolation
 M - a scroll of enchant weapon
 O - a scroll of brand weapon
 P - a scroll of revelation
Potions
 c - a potion of attraction
 d - a potion of cancellation
 f - 6 potions of curing
 n - 4 potions of enlightenment
 q - 2 potions of might
 r - 2 potions of resistance
 u - 5 potions of heal wounds
 w - 4 potions of haste
 z - a potion of mutation
 E - a potion of ambrosia
 G - 3 potions of invisibility
Miscellaneous
 s - a phial of floods
 y - a lightning rod (4/4)


   Skills:
 + Level 11.7 Fighting
 - Level 15.0 Polearms
 - Level 16.0 Throwing
 + Level 8.5 Armour
 + Level 6.1 Dodging
 * Level 9.7 Evocations


You had 15 spell levels left.
You didn't know any spells.
Your spell library contained the following spells:

 Spells                   Type           Power      Damage    Failure   Level
 Searing Ray              Conj           0%         2d4       100%        2
 Ozocubu's Armour         Ice            0%         N/A       100%        3
 Bombard                  Conj/Erth      0%         9d1       100%        6


Dungeon Overview and Level Annotations

Branches:
Dungeon (15/15)            Temple (0/1) D:5            Lair (5/5) D:8
 Shoals (1/4) Lair:3        Snake (0/4) Lair:3        Slime (0/5) Lair:4
    Orc (2/2) D:9             Elf (0/3) Orc:2        Vaults (0/5) D:13
 Depths (0/4) D:15          IceCv (visited)         Gauntlet (visited)

Altars:
Makhleb
Nemelex Xobeh
Wu Jian
Xom

Shops:
D:2 ?   D:7 *:(   D:12 (=   Orc:2 (*:!

Annotations:
Orc:1 1 runed translucent door, GreenGuy14's ghost, journeyman CoGl


Innate Abilities, Weirdness & Mutations

You can wield a second weapon in your off-hand.
It takes a long time for you to wield or remove held weapons.
Your first few attacks do less damage.
You cannot equip rings or amulets.


Message History

The merfolk aquamancer hits you but does no damage.
The water nymph points at you and mumbles some strange words.
The water swirls and strikes you!
* * * LOW HITPOINT WARNING * * *
You hit the merfolk aquamancer with your +4 antimagic trident.
The merfolk aquamancer's magic leaks into the air.
The merfolk aquamancer is almost dead.
Your unstable footing causes you to fumble your attack.
The merfolk aquamancer hits you with a +0 rapier.
* * * LOW HITPOINT WARNING * * *
The water nymph casts a spell at you. The water swirls and strikes you!!
* * * LOW HITPOINT WARNING * * *
You completely miss the merfolk aquamancer with your +2 trident of freezing.
The merfolk aquamancer is almost dead.
Your unstable footing causes you to fumble your attack.
The merfolk aquamancer hits you but does no damage.
Unknown command.
Your unstable footing causes you to fumble your attack. x2
The merfolk aquamancer hits you with a +0 rapier.
* * * LOW HITPOINT WARNING * * *
The water nymph touches you. The water nymph drowns you!
* * * LOW HITPOINT WARNING * * *
Unknown command.
You impale the merfolk aquamancer with your +2 trident of freezing!!
You freeze the merfolk aquamancer.
You kill the merfolk aquamancer!
Trog accepts your kill.
Trog appreciates your killing of a magic user.
You hear a splash. x2
Unknown command.
Unknown command.
You impale the merfolk aquamancer with your +2 trident of freezing!!
You freeze the merfolk aquamancer!
The merfolk aquamancer is heavily wounded.
Your unstable footing causes you to fumble your attack.
The water nymph touches you.
* * * LOW HITPOINT WARNING * * *
The water nymph drowns you!
You die...

~~~~>.....~...#
~~~.......~~..# ~~~
~~.......~~...###~m..
.....~~~.......~~..
#.~~~~~~~~....~~..
#~≈≈~~.~~~~.......
###.≈≈<~.~~~~~~.....
.[...~≈~~~)~~~~~..#
........~@m~~....##
......###mm~÷.~...###.
.~......#####........(
.#........ #...~.....
##.. ..... ##.~~~..~~
... ......##.~~~~~~~
........~~~~>~~~
........~~~~~~~~
...F.~~.~~~.~~≈≈


You could see a merfolk aquamancer and 2 water nymphs.

Vanquished Creatures
  Rupert (D:12)
  A frost giant (D:15)
  A minotaur (Gauntlet)
  Azrael (D:15)
  Snorg (D:13)
  A rakshasa (D:13)
  4 centaur warriors
  4 catoblepae
  A ghost crab (Gauntlet)
  3 merfolk aquamancers
  8 hydras
  A death knight (D:15)
  Erica (D:10)
  3 two-headed ogres
  9 boulder beetles
  2 tengu warriors (D:15)
  Urug (Lair:3)
  A deep elf knight (D:12)
  3 orc high priests (Orc:2)
  2 skeletal warriors (D:15)
  A fire crab (Gauntlet)
  4 skysharks
  2 goliath frogs (Lair:5)
  A swamp dragon (shapeshifter) (D:13)
  2 lindwurms (Lair:3)
  A phantasmal warrior (D:15)
  4 orc knights (Orc:2)
  A lindwurm (shapeshifter) (D:13)
  A deep elf archer (D:12)
  7 deep elf pyromancers
  2 harpies (Lair:3)
  3 orc sorcerers (Orc:2)
  9 cyclopes
  Maurice (D:12)
  7 ugly things
  11 slime creatures
  9 kobold blastminers
  2 ice statues (IceCv)
  8 black mambas
  14 elephants
  19 cane toads
  A gargoyle (D:11)
  4 rime drakes
  A freezing wraith (D:15)
  A yaktaur (D:15)
  6 komodo dragons
  Psyche (D:12)
  An efreet (D:13)
  2 tengu conjurers (D:14)
  5 trolls
  2 tyrant leeches (Lair:5)
  A troll (shapeshifter) (D:13)
  Grinder (D:5)
  27 blink frogs
  A snapping turtle (Shoals:1)
  6 wyverns
  Sigmund (D:5)
  2 shadows (D:10)
  2 wraiths
  A wyvern (shapeshifter) (D:13)
  2 dire elephant simulacra (IceCv)
  2 fire bats (Gauntlet)
  2 wargs
  A basilisk (shapeshifter) (D:13)
  A fire elemental (D:14)
  62 yaks
  9 basilisks
  A steam dragon (D:8)
  8 vampire mosquitoes
  2 death yak simulacra (IceCv)
  14 water moccasins
  Duvessa (D:5)
  A harpy simulacrum (IceCv)
  5 hell hounds
  2 acid dragons
  2 black bears
  2 ogres
  11 orc warriors
  2 laughing skulls (D:15)
  15 wolves
  3 centaurs
  4 boggarts (D:15)
  3 phantoms
  A kobold brigand (D:10)
  3 gnoll sergeants
  16 bullfrogs
  6 earth elementals (D:14)
  2 two-headed ogre simulacra (Orc:1)
  5 scorpions
  3 cane toad simulacra
  5 wights (D:7)
  Dowan (D:5)
  3 killer bees (D:10)
  An elephant simulacrum (IceCv)
  5 electric eels
  7 howler monkeys
  3 bombardier beetles
  6 crimson imps (D:7)
  17 orc priests
  12 hounds
  9 jellies
  A gnoll bouda (D:7)
  A sleepcap (D:5)
  Crazy Yiuf (D:3)
  3 iguanas (D:4)
  18 orc wizards
  Ijyb (D:3)
  A polar bear simulacrum (Orc:1)
  3 wolf simulacra
  7 adders
  17 gnolls
  2 naga simulacra (Orc:1)
  5 white imps
  A ribbon worm (D:4)
  3 dart slugs
  70 orcs
  7 ball pythons
  8 endoplasms
  4 giant cockroaches
  5 goblins
  9 hobgoblins
  4 jackals (D:1)
  13 kobolds
  7 quokkas
  6 bats
  3 frilled lizards
  6 rats
690 creatures vanquished.

Vanquished Creatures (collateral kills)
  An ice statue (IceCv)
1 creature vanquished.

Vanquished Creatures (others)
  An orc wizard (Orc:2)
1 creature vanquished.

Grand Total: 692 creatures vanquished

Notes
Turn   | Place    | Note
-------+----------+-------------------------------------------
     0 | D:1      | jejorda2 the Coglin Berserker began the quest for the Orb.
     0 | D:1      | Reached XP level 1. HP: 18/18 MP: 1/1
   134 | D:1      | Reached XP level 2. HP: 24/24 MP: 2/2
   238 | D:1      | Reached ** piety under Trog
   239 | D:1      | Reached XP level 3. HP: 29/29 MP: 3/3
   715 | D:2      | Found Wideruem's Magic Scroll Shop.
   736 | D:2      | Reached XP level 4. HP: 32/36 MP: 4/4
   768 | D:2      | Bought a scroll of teleportation for 42 gold pieces
   768 | D:2      | Bought a scroll of identify for 28 gold pieces
   787 | D:2      | Found a faded altar of an unknown god.
  1414 | D:3      | Noticed Ijyb
  1419 | D:3      | Killed Ijyb
  1420 | D:3      | Reached XP level 5. HP: 31/42 MP: 5/5
  1740 | D:3      | Reached *** piety under Trog
  2049 | D:3      | Found a runed translucent door.
  2050 | D:3      | Noticed Crazy Yiuf
  2057 | D:3      | Killed Crazy Yiuf
  2293 | D:4      | Reached skill level 5 in Polearms
  2299 | D:4      | Reached XP level 6. HP: 49/49 MP: 6/6
  3054 | D:5      | Entered Level 5 of the Dungeon
  3057 | D:5      | Identified the +1 dagger of the Sage {vamp, rF+ Int+3}
  3058 | D:5      | Found a staircase to the Ecumenical Temple.
  3070 | D:5      | Reached skill level 5 in Fighting
  3124 | D:5      | Noticed a water moccasin
  3127 | D:5      | Reached XP level 7. HP: 41/56 MP: 7/7
  3215 | D:5      | Noticed Dowan
  3215 | D:5      | Noticed Duvessa
  3239 | D:5      | Killed Dowan
  3376 | D:5      | Noticed Grinder
  3397 | D:5      | Killed Grinder
  3398 | D:5      | Reached XP level 8. HP: 60/64 MP: 8/8
  3508 | D:5      | Noticed Sigmund
  3524 | D:5      | Reached skill level 1 in Evocations
  3557 | D:5      | Killed Sigmund
  3812 | D:5      | Killed Duvessa
  3813 | D:5      | Reached XP level 9. HP: 49/69 MP: 9/9
  4057 | D:5      | Identified the +0 flail of Resumed Hostilities {flame,
                  | ^Drain Fly rElec rPois}
  4246 | D:5      | Reached skill level 5 in Evocations
  5333 | D:7      | Reached **** piety under Trog
  5334 | D:7      | Reached skill level 10 in Polearms
  5557 | D:7      | Found Qiecak's Book Boutique.
  5638 | D:7      | Found Rasmucli's General Store.
  5639 | D:7      | Found Osyoreagukk's Weapon Shop.
  6232 | D:7      | Reached XP level 10. HP: 56/76 MP: 10/10
  6343 | D:8      | HP: 3/76 [poisoned by a gnoll sergeant]
  6394 | D:7      | Bought 2 potions of curing for 84 gold pieces
  6787 | D:8      | Found a burning altar of Makhleb.
  6868 | D:8      | Found a staircase to the Lair.
  7056 | D:8      | Noticed a boulder beetle
  7070 | D:8      | Killed a boulder beetle
  7071 | D:8      | Reached skill level 5 in Armour
  7569 | D:9      | Noticed a two-headed ogre
  7577 | D:9      | Killed a two-headed ogre
  7577 | D:9      | Noticed a deep elf pyromancer
  7582 | D:9      | Killed a deep elf pyromancer
  7583 | D:9      | Reached XP level 11. HP: 81/81 MP: 11/11
  7604 | D:9      | Reached ***** piety under Trog
  7711 | D:9      | Identified the +3 ring mail of the Past {Rampage rC- rN+++
                  | Dex-4}
  8079 | D:9      | Found a staircase to the Orcish Mines.
  8152 | D:10     | Entered Level 10 of the Dungeon
  8454 | D:10     | Reached skill level 1 in Throwing
  8696 | D:10     | Reached skill level 2 in Throwing
  8881 | D:10     | Found a shimmering altar of Xom.
  8883 | D:10     | Found an ornate altar of the Wu Jian Council.
  8884 | D:10     | Found a sparkling altar of Nemelex Xobeh.
  9003 | D:10     | Noticed Erica
  9013 | D:10     | Killed Erica
  9081 | D:10     | Reached skill level 3 in Throwing
  9449 | D:10     | Reached skill level 4 in Throwing
  9465 | D:10     | Reached skill level 5 in Throwing
  9675 | Lair:1   | Entered Level 1 of the Lair of Beasts
  9758 | Lair:1   | Reached XP level 12. HP: 85/88 MP: 12/12
 10151 | Lair:1   | Reached skill level 6 in Throwing
 10884 | Lair:1   | Received a gift from Trog
 11231 | Lair:2   | Reached skill level 7 in Throwing
 11287 | Lair:2   | Noticed a skyshark
 11301 | Lair:2   | Killed a skyshark
 11302 | Lair:2   | Reached skill level 5 in Dodging
 11315 | Lair:2   | Noticed a catoblepas
 11365 | Lair:2   | Killed a catoblepas
 11589 | Lair:2   | Noticed a seven-headed hydra
 11596 | Lair:2   | Killed a seven-headed hydra
 11597 | Lair:2   | Reached XP level 13. HP: 82/100 MP: 4/13
 12333 | Lair:3   | Found a staircase to the Snake Pit.
 12782 | Lair:3   | Found a staircase to the Shoals.
 12918 | Lair:3   | Noticed Urug
 12930 | Lair:3   | Killed Urug
 12931 | Lair:3   | Reached skill level 8 in Throwing
 13648 | Lair:4   | Found a staircase to the Slime Pits.
 13737 | Lair:4   | Reached skill level 10 in Fighting
 14554 | Lair:5   | Entered Level 5 of the Lair of Beasts
 14915 | Lair:5   | Reached XP level 14. HP: 111/111 MP: 4/14
 14958 | Lair:4   | Acquired a N-9500 hydromodule {rElec rPois rCorr Clar RMsl}
 15493 | Lair:5   | Received a gift from Trog
 15711 | Lair:5   | Found the -2 hat of the Alchemist {rElec rPois rF+ rC+ rN+
                  | Will+ rMut rCorr}
 16602 | D:8      | Identified the +0 plate armour of Fedhas's Castigation
                  | {rElec Will+ Dex+2}
 16746 | D:11     | Reached skill level 9 in Throwing
 16871 | D:11     | You fall into a shaft and drop 1 floor!
 16889 | D:12     | Noticed Rupert
 16898 | D:12     | Killed Rupert
 16900 | D:12     | Found a gate leading to a gauntlet.
 16914 | Gauntlet | Entered a Gauntlet
 16914 | Gauntlet | Found a transporter.
 16914 | Gauntlet | Found a large runed translucent door.
 16914 | Gauntlet | Found a large runed translucent door.
 16914 | Gauntlet | Found a large runed translucent door.
 16914 | Gauntlet | Found a large runed translucent door.
 16914 | Gauntlet | Found a runed translucent door.
 16914 | Gauntlet | Found a runed translucent door.
 16914 | Gauntlet | Found a large runed translucent door.
 16914 | Gauntlet | Found a large runed translucent door.
 16914 | Gauntlet | Found a large runed translucent door.
 16914 | Gauntlet | Found a large runed translucent door.
 16914 | Gauntlet | Found a large runed translucent door.
 16914 | Gauntlet | Found a large runed translucent door.
 16915 | Gauntlet | Found a large runed translucent door.
 16915 | Gauntlet | Found a large runed translucent door.
 16923 | Gauntlet | Found a transporter.
 16938 | Gauntlet | Found a transporter.
 16943 | Gauntlet | Found a transporter.
 16958 | Gauntlet | Found a transporter.
 16977 | Gauntlet | Found a transporter.
 16989 | Gauntlet | Found a transporter.
 17001 | Gauntlet | Found a transporter.
 17013 | Gauntlet | Found a transporter.
 17025 | Gauntlet | Found a transporter.
 17042 | Gauntlet | Found a transporter.
 17060 | Gauntlet | Found a transporter.
 17062 | Gauntlet | Found a transporter.
 17080 | Gauntlet | Found a large runed translucent door.
 17081 | Gauntlet | Found a large runed translucent door.
 17085 | Gauntlet | Found a runed translucent gate.
 17085 | Gauntlet | Found a runed translucent gate.
 17085 | Gauntlet | Found a runed translucent gate.
 17087 | Gauntlet | Found a transporter.
 17089 | Gauntlet | Found a transporter.
 17095 | Gauntlet | Found a large runed translucent door.
 17096 | Gauntlet | Found a large runed translucent door.
 17109 | Gauntlet | Found a transporter.
 17187 | Gauntlet | Found a transporter.
 17207 | Gauntlet | Found a transporter.
 17424 | Gauntlet | Identified the +0 cloak of the Shining Light {rF- Will+
                  | Int+6}
 17503 | Gauntlet | Reached skill level 10 in Throwing
 17511 | Gauntlet | Got the Codex of Frigid Violence
 17983 | D:12     | Found Koczugae's Antique Weapon Emporium.
 18006 | D:12     | Found Wohir's Jewellery Boutique.
 18265 | D:12     | Noticed Maurice
 18270 | D:12     | Noticed Psyche
 18271 | D:12     | Killed Maurice
 18274 | D:12     | Killed Psyche
 18767 | D:12     | Reached skill level 11 in Throwing
 19397 | D:13     | Reached XP level 15. HP: 119/119 MP: 5/15
 19870 | D:13     | Noticed Snorg
 19879 | D:13     | Killed Snorg
 20032 | D:13     | Reached skill level 12 in Throwing
 20110 | D:13     | Found a gate to the Vaults.
 20593 | D:14     | Received a gift from Trog
 20653 | D:13     | Reached skill level 13 in Throwing
 21764 | D:15     | Entered Level 15 of the Dungeon
 21821 | D:15     | Noticed Azrael
 21991 | D:15     | Reached skill level 14 in Throwing
 21999 | D:15     | Killed Azrael
 23022 | D:15     | Found a staircase to the Depths.
 23022 | D:15     | Noticed a frost giant
 23031 | D:15     | Killed a frost giant
 23239 | D:15     | Reached skill level 15 in Throwing
 23576 | Orc:1    | Entered Level 1 of the Orcish Mines
 23583 | Orc:1    | Found a runed translucent door.
 23586 | Orc:1    | Found a frozen archway.
 23606 | IceCv    | Entered an ice cave
 23616 | IceCv    | Reached XP level 16. HP: 123/126 MP: 5/16
 24032 | Orc:1    | Noticed GreenGuy14's ghost (journeyman CoGl)
 24535 | Orc:2    | Entered Level 2 of the Orcish Mines
 25386 | Orc:2    | Reached skill level 16 in Throwing
 25390 | Orc:2    | Reached skill level 15 in Polearms
 25537 | Orc:2    | Found Xasiof's General Store.
 25537 | Orc:2    | Found Ilupp's Weapon Shoppe.
 25547 | Orc:2    | Found Kuadejia's Book Shoppe.
 25547 | Orc:2    | Found Qanun's Distillery.
 25672 | Orc:2    | Found a staircase to the Elven Halls.
 25963 | Orc:2    | Bought 4 curare-tipped darts for 81 gold pieces
 26154 | Shoals:1 | Entered Level 1 of the Shoals
 26494 | Shoals:1 | HP: 6/190 [drowned by a water nymph (13)]
 26496 | Shoals:1 | HP: 2/190 [water nymph (4)]
 26496 | Shoals:1 | Drowned by a water nymph

Illustrated notes

Levels and vault maps discovered:
D:1:      lemuel_arrival_muddy, layout_basic,
          wander_ebering_terrifying_dragon_lair
D:2:      layout_loops_cross, shapermc_ecumenical_altar_rom_forum, serial_shops,
          shop
D:3:      layout_loops_corners, uniq_crazy_yiuf_cottage, uniq_ijyb
D:4:      layout_basic, nicolae_the_louvre
D:5:      cheibrodos_barr_body, layout_basic, minmay_temple_entry_large_hall,
          uniq_duvessa, uniq_grinder, uniq_sigmund
D:6:      layout_cave_pools, serial_column_ruins, column_ruins_columns_straight,
          column_ruins_grid_1, column_ruins_open_medium,
          column_ruins_corridor_dead_end, column_ruins_corridor_straight
D:7:      layout_basic, nicolae_wooded_promenade, minmay_nine_imps
D:8:      layout_basic, makhleb_blood_cavern_becter, erik_lair_island,
          serial_glass, glass_columns_a, glass_columns_a, due_unseen_surprise,
          item_on_display_a, item_on_display_a, minmay_strange_pillars,
          minmay_misc_feat_rows
D:9:      layout_roguey, hiddenorc1_lemuel
D:10:     layout_gridville, grunt_temple_overflow_open, uniq_erica
D:11:     layout_rooms
D:12:     layout_loops_ring, gauntlet_entry_generic, serial_shops, shop,
          nicolae_shop_tiny_statue_garden, beargit_elvish_explorers,
          uniq_maurice, uniq_psyche, uniq_rupert
D:13:     layout_basic, david_vaults_2, uniq_snorg
D:14:     layout_big_octagon, minmay_misc_feat_room,
          hangedman_cracks_in_the_wall
D:15:     grunt_enter_depths_snipers, layout_loops_ring, uniq_azrael
Lair:1:   layout_gridlike, grunt_megastairs_1
Lair:2:   layout_hall_layers
Lair:3:   layout_roguey, nicolae_shoals_entry_roost, dummy_snake_entry,
          grunt_megastairs_3, uniq_urug
Lair:4:   layout_roguey, nicolae_slime_entry_field_trip
Lair:5:   minmay_lair_end_frog_pond, layout_concentric_octagons
Shoals:1: layout_shoals, nicolae_splish_splash, uniq_louise
Orc:1:    nicolae_orc_accident_3, layout_diamond_mine, gammafunk_ghost_grave,
          portal_ice_cave_entry_ice_simulacra
Orc:2:    grunt_orc_tribal_feast, layout_caves

Skill      XL: |  1  2  3  4  5  6  7  8  9 10 11 12 13 14 15 16 |
---------------+-------------------------------------------------+-----
Polearms       | 3 4 5 7 8 10 12 14 15 | 15.0
Fighting       | 4 5 6 8 10 11 | 11.7
Evocations     | 4 6 8 9 |  9.7
Armour         | 3 6 7 8 |  8.5
Throwing       | 5 7 8 11 15 16 | 16.0
Dodging        | 2 6 |  6.1

Action                     |  1- 3 |  4- 6 |  7- 9 | 10-12 | 13-15 | 16-18 || total
---------------------------+-------+-------+-------+-------+-------+-------++-------
  Melee: Spear             |   112 |   181 |   260 |   341 |       |       ||   894
         Dagger            |    93 |   158 |   213 |       |       |       ||   464
         Trident           |       |       |    98 |   586 |  1975 |   471 ||  3130
  Throw: Boomerang         |       |     1 |     8 |    30 |     6 |    31 ||    76
         Javelin           |       |       |       |       |    16 |       ||    16
         Dart              |       |       |       |       |     3 |       ||     3
 Invoke: Berserk           |       |     3 |     6 |     8 |    18 |     4 ||    39
         Trog's Hand       |       |     1 |     4 |     5 |     8 |     1 ||    19
         Brothers in Arms  |       |       |       |       |       |     1 ||     1
Ability: Invent Gizmo      |       |       |       |       |     1 |       ||     1
  Evoke: Wand              |       |       |       |     2 |     7 |       ||     9
    Use: Scroll            |       |     5 |    14 |     3 |     9 |       ||    31
         Potion            |       |       |       |     3 |       |     1 ||     4
   Stab: Petrified         |       |       |       |       |     3 |       ||     3
         Distracted        |       |       |       |       |     1 |       ||     1
         Petrifying        |       |       |       |       |     1 |       ||     1
 Armour: Chain mail        |    49 |    74 |   113 |       |       |       ||   236
         Plate armour      |       |       |    93 |   234 |   470 |   138 ||   935
  Dodge: Dodged            |    40 |    50 |    82 |    77 |   214 |    65 ||   528
         Repelled          |       |       |       |       |    23 |    13 ||    36

Table legend: (Time is in decaauts)
 A = Elapsed time spent in this place.
 B = Non-inter-level travel time spent in this place.
 C = Inter-level travel time spent in this place.
 D = Time resting spent in this place.
 E = Time spent auto-exploring this place.
 F = Levels seen in this place.
 G = Mean time per level.
                   A        B        C        D        E       F      G
               +--------+--------+--------+--------+--------+-----+--------+
         Total |  26009 |  24620 |   1389 |   4194 |  16049 |  25 | 1040.4 |
       Dungeon |  15820 |  14794 |   1026 |   2629 |   9627 |  15 | 1054.7 |
          Lair |   7004 |   6750 |    254 |    839 |   4850 |   5 | 1400.8 |
        Shoals |     46 |     46 |      0 |      0 |      6 |   1 |   46.0 |
  Orcish Mines |   1964 |   1856 |    108 |    414 |   1095 |   2 |  982.0 |
      Ice Cave |    403 |    403 |      0 |    263 |      0 |   1 |  403.0 |
      Gauntlet |    771 |    771 |      0 |     47 |    470 |   1 |  771.0 |
               +--------+--------+--------+--------+--------+-----+--------+

Top non-repeatable levels by time:
  Lair:5: 1712 daAuts
    D:13: 1616 daAuts
  Lair:3: 1593 daAuts
  Lair:1: 1532 daAuts
    D:15: 1519 daAuts
    D:10: 1479 daAuts
     D:5: 1292 daAuts
   Orc:2: 1282 daAuts
    D:12: 1262 daAuts
     D:7: 1154 daAuts
  Lair:2: 1101 daAuts
  Lair:4: 1063 daAuts
     D:9: 1048 daAuts
     D:8: 1006 daAuts
     D:3: 997 daAuts
